 Dungeon Crawl Stone Soup version 0.16-a0-3178-g2c88c44 (webtiles) character file.

84 Miyamura the Firebug (level 4, -1/24 HPs)
             Began as a Deep Elf Fire Elementalist on Dec 16, 2014.
             Killed from afar by an orc wizard (7 damage)
             ... with a magic dart
             ... on level 4 of the Dungeon.
             The game lasted 00:08:19 (2812 turns).

Miyamura the Firebug (Deep Elf Fire Elementalist)   Turns: 2812, Time: 00:08:24

Health: -1/24      AC:  3    Str:  5    XL:     4   Next: 24%
Magic:  14/14      EV: 13    Int: 21    God:
Gold:   261        SH:  0    Dex: 15    Spells: 3 memorised, 3 levels left

rFire  . . .     SeeInvis .     s - +0 dagger (venom)
rCold  . . .     Clarity  .     a - +1 robe
rNeg   . . .     SustAb   .     (no shield)
rPois  .         Gourm    .     (no helmet)
rElec  .         Spirit   .     (no cloak)
rCorr  .         Warding  .     (no gloves)
rMut   .         Stasis   .     (no boots)
MR     +....                    (no amulet)
Stlth  ++........               v - ring of protection from magic
                                j - ring of flight

@: somewhat resistant to hostile enchantments, unstealthy
A: no striking features
a: Evoke Flight


You were on level 4 of the Dungeon.
You were not hungry.

You visited 1 branch of the dungeon, and saw 4 of its levels.

You collected 261 gold pieces.

Inventory:

Hand weapons
 s - a +0 dagger of venom (weapon)
Armour
 a - a +1 robe (worn)
Jewellery
 j - a ring of flight (left hand)
 v - a ring of protection from magic (right hand)
Scrolls
 d - 2 scrolls of enchant armour
 e - 3 scrolls of enchant weapon {unknown}
 f - 3 scrolls of immolation
 g - 7 scrolls of remove curse
 i - 2 scrolls of magic mapping {unknown}
 n - a scroll of blinking {unknown}
 r - a scroll of teleportation {unknown}
 u - 2 scrolls of identify {unknown}
 w - a scroll of noise {unknown}
Potions
 h - a potion of cancellation {unknown}
 o - a potion of curing {unknown}
 p - a potion of resistance {unknown}
 q - a potion of heal wounds {unknown}
Books
 b - a book of Flames

   Spells                             Type                      Level
   a - Flame Tongue                   Conjuration/Fire             1
   b - Throw Flame                    Conjuration/Fire             2
   c - Conjure Flame                  Conjuration/Fire             3
   d - Inner Flame                    Hexes/Fire                   3
   e - Sticky Flame                   Conjuration/Fire             4
   f - Fireball                       Conjuration/Fire             5
Comestibles
 c - 4 bread rations
 k - a royal jelly
 l - 2 meat rations
 m - 3 beef jerkies
 t - 4 fruits
 x - a chunk of flesh


   Skills:
 + Level 3.2 Dodging
 - Level 2.4 Stealth
 + Level 3.7 Spellcasting
 + Level 2.5 Conjurations
 + Level 4.1 Fire Magic


You had 3 spell levels left.
You knew the following spells:

 Your Spells              Type           Power        Failure   Level  Hunger
a - Flame Tongue          Conj/Fire      ###..        3%          1    None
b - Throw Flame           Conj/Fire      ###...       6%          2    ##.....
c - Sticky Flame          Conj/Fire      ###.....     34%         4    ####...


Dungeon Overview and Level Annotations

Branches:
Dungeon (4/15)
 Temple: D:4-7

Altars:
Cheibriados
Makhleb
Okawaru

Annotations:
D:4 hackum's ghost, average DgSu


Message History

The orc wizard casts a spell.
The orc wizard blinks!
A giant newt comes into view.
The orc shouts!
The orc wizard gestures wildly while chanting.
The orc wizard seems to speed up.
The rat closely misses you.
You see here a scroll labeled BOCAUKARAG.
i - 2 scrolls labeled BOCAUKARAG (gained 1)
The orc wizard points at you and mumbles some strange words.
The magic dart hits you! The rat closely misses you.
The orc wizard hits you but does no damage.
The orc hits you with a dagger.
Hackum's ghost gestures wildly while chanting.
The orc wizard casts a spell at you. The puff of flame hits you!
* * * LOW HITPOINT WARNING * * *
The orc wizard points at you and mumbles some strange words.
The magic dart hits you!
You die...

#( . .. #. l. .# ## #.
..### ###. #. .... #...
#.####..### # #.##
#.#.......#####... #.
#...............# #. ..##
####..@..........## ##. ...
##.ooor............###..
#.##.o#$.o................#
#....##..o............#####
###o.##...o...........##
#...##...o............#
#..#......o...>...(....#
#.####.#..rb........W..##
... #.##W....#.....#o..#


You could see 2 orc wizards, hackum's ghost, 7 orcs, a bat and 2 rats.

Vanquished Creatures
  An adder (D:2)
  3 worms
  A giant gecko (D:4)
  2 oozes (D:1)
  3 giant cockroaches (D:1)
  6 goblins
  6 hobgoblins
  4 kobolds
  2 quokkas
  A ball python (D:1)
  14 bats
  6 giant newts
  4 rats
53 creatures vanquished.

Notes
Turn   | Place    | Note
--------------------------------------------------------------
     0 | D:1      | Miyamura, the Deep Elf Fire Elementalist, began the quest for the Orb.
     0 | D:1      | Reached XP level 1. HP: 10/10 MP: 5/5
   364 | D:1      | Reached XP level 2. HP: 15/15 MP: 4/8
   370 | D:1      | Learned a level 2 spell: Throw Flame
  1112 | D:2      | Found an iron altar of Okawaru.
  1121 | D:2      | Reached XP level 3. HP: 19/19 MP: 5/11
  1466 | D:2      | Found a burning altar of Makhleb.
  1524 | D:2      | Found a snail-covered altar of Cheibriados.
  1620 | D:3      | Reached skill level 4 in Fire Magic
  2507 | D:3      | Reached XP level 4. HP: 17/24 MP: 8/14
  2622 | D:3      | Learned a level 4 spell: Sticky Flame
  2775 | D:4      | Noticed hackum's ghost (average DgSu)
  2812 | D:4      | Killed from afar by an orc wizard

Action                   |  1- 3 |  4- 6 || total
-------------------------+-------+-------++-------
Melee: Dagger            |     9 |     3 ||    12
 Cast: Flame Tongue      |    64 |    10 ||    74
       Throw Flame       |    24 |     3 ||    27
  Use: Scroll            |     3 |       ||     3
  Eat: Chunk             |     5 |     1 ||     6
